SAAA
TREMONT DOUBLEDAYS @ ELLENBURG FIGHTING DACHSUNDS
07/20/2025
 
TOP OF THE 1ST
Tremont Doubledays batting - Pitching for Ellenburg Fighting Dachsunds : RHP Severiano Duclos
Pitching: RHP Severiano Duclos
Batting: RHB Manuel Martínez 0-0: Called Strike
0-1: Ball
1-1: Ground out 5-3 (Groundball, 56S)
Batting: RHB Jim Unknown 0-0: Called Strike
0-1: Ball
1-1: Swinging Strike
1-2: Ball
2-2: Ball
3-2: Foul Ball, location: 2F
3-2: Base on Balls
Batting: RHB Menno van de Vlugt 0-0: Foul Ball, location: 2F
0-1: Ball
Wild Pitch!
Jim Unknown to second
1-1: Swinging Strike
1-2: Foul Ball, location: 2F
1-2: Ball
2-2: Foul Ball, location: 2F
2-2: Ball
3-2: Fly out, F2 (Popup, 23)
Batting: RHB Tim Robinson 0-0: Called Strike
0-1: Foul Ball, location: 2F
0-2: Ball
1-2: Ball
2-2: Foul Ball, location: 2F
2-2: Fly out, F9 (Flyball, 9S)
Top of the 1st over - 0 run(s), 0 hit(s), 0 error(s), 1 left on base; Tremont 0 - Ellenburg 0
BOTTOM OF THE 1ST
Ellenburg Fighting Dachsunds batting - Pitching for Tremont Doubledays : LHP Jim Unknown
Pitching: LHP Jim Unknown
Batting: LHB Aquiles Marmelo 0-0: Foul Ball, location: 2F
0-1: Foul Ball, location: 2F
0-2: Ball
1-2: Ball
2-2: Strikes out swinging
Batting: RHB Juan Ramos 0-0: Ball
1-0: DOUBLE (Line Drive, 89D)
Batting: RHB Ed Adams 0-0: Called Strike
0-1: Ball
1-1: Ball
2-1: Fly out, F3 (Popup, 3S)
Batting: RHB Ramiro Rico 0-0: Foul Ball, location: 2F
0-1: Swinging Strike
0-2: Ball
1-2: Fly out, F4 (Flyball, 34D)
Bottom of the 1st over - 0 run(s), 1 hit(s), 0 error(s), 1 left on base; Tremont 0 - Ellenburg 0
TOP OF THE 2ND
Tremont Doubledays batting - Pitching for Ellenburg Fighting Dachsunds : RHP Severiano Duclos
Batting: RHB Jim Unknown 0-0: Called Strike
0-1: Ball
1-1: Ball
2-1: SINGLE (Groundball, 56D)
Batting: RHB Jim Unknown 0-0: Ball
1-0: Swinging Strike
1-1: Ball
2-1: Grounds into double play, 6-4-3 (Groundball, 6)
Batting: RHB Francisco García 0-0: Ball
1-0: Ball
2-0: Ground out 6-3 (Groundball, 6)
Top of the 2nd over - 0 run(s), 1 hit(s), 0 error(s), 0 left on base; Tremont 0 - Ellenburg 0
BOTTOM OF THE 2ND
Ellenburg Fighting Dachsunds batting - Pitching for Tremont Doubledays : LHP Jim Unknown
Batting: RHB Jack Burton 0-0: Ball
1-0: Foul Ball, location: 2F
1-1: SINGLE (Line Drive, 6MD)
Batting: RHB José Vázquez 0-0: Called Strike
0-1: Ball
1-1: Called Strike
1-2: Ball
2-2: 2-RUN HOME RUN (Flyball, 78XD), Distance : 436 ft
Batting: RHB Francis Kelly 0-0: Swinging Strike
0-1: Ball
1-1: Swinging Strike
1-2: Ball
2-2: Foul Ball, location: 2F
2-2: Strikes out swinging
Batting: RHB William Walls 0-0: Ball
1-0: Ball
2-0: SINGLE (Groundball, 4MD)
Batting: RHB Victor Haley 0-0: Ball
1-0: Ball
2-0: Called Strike
2-1: Ground out 4-3 (Groundball, 4S)
William Walls to second
Batting: LHB Aquiles Marmelo 0-0: Called Strike
0-1: Ball
1-1: Ball
2-1: Swinging Strike
2-2: Strikes out swinging
Bottom of the 2nd over - 2 run(s), 3 hit(s), 0 error(s), 1 left on base; Tremont 0 - Ellenburg 2
TOP OF THE 3RD
Tremont Doubledays batting - Pitching for Ellenburg Fighting Dachsunds : RHP Severiano Duclos
Batting: RHB Arturo Morales 0-0: Fly out, F8 (Flyball, 8LD)
Batting: RHB Andrés Gonzáles 0-0: DOUBLE (Line Drive, 9D)
Batting: RHB Manuel Martínez 0-0: Called Strike
Andrés Gonzáles is caught stealing 3rd base
0-1: Fly out, F8 (Flyball, 8RM)
Top of the 3rd over - 0 run(s), 1 hit(s), 0 error(s), 0 left on base; Tremont 0 - Ellenburg 2
BOTTOM OF THE 3RD
Ellenburg Fighting Dachsunds batting - Pitching for Tremont Doubledays : LHP Jim Unknown
Batting: RHB Juan Ramos 0-0: Ball
1-0: Bunt missed!
1-1: Foul Ball, location: 2F
1-2: Ball
2-2: Foul Ball, location: 2F
2-2: Fly out, F8 (Flyball, 8RM)
Batting: RHB Ed Adams 0-0: Foul Ball, location: 2F
0-1: Fly out, F9 (Flyball, 9LSF)
Batting: RHB Ramiro Rico 0-0: Fly out, F6 (Line Drive, 6)
Bottom of the 3rd over - 0 run(s), 0 hit(s), 0 error(s), 0 left on base; Tremont 0 - Ellenburg 2
TOP OF THE 4TH
Tremont Doubledays batting - Pitching for Ellenburg Fighting Dachsunds : RHP Severiano Duclos
Batting: RHB Jim Unknown 0-0: Ball
1-0: Ball
2-0: Foul Ball, location: 2F
2-1: Foul Ball, location: 2F
2-2: Ground out 6-3 (Groundball, 56)
Batting: RHB Menno van de Vlugt 0-0: Ball
1-0: Foul Ball, location: 2F
1-1: Called Strike
1-2: Foul Ball, location: 2F
1-2: Strikes out swinging
Batting: RHB Tim Robinson 0-0: Foul Ball, location: 2F
0-1: Ball
1-1: Ball
2-1: Ball
3-1: Foul Ball, location: 2F
3-2: Base on Balls
Batting: RHB Jim Unknown 0-0: Called Strike
0-1: Ball
1-1: Foul Ball, location: 2F
1-2: Fielders Choice at 2nd, 5-4 (Groundball, 56)
Top of the 4th over - 0 run(s), 0 hit(s), 0 error(s), 0 left on base; Tremont 0 - Ellenburg 2
BOTTOM OF THE 4TH
Ellenburg Fighting Dachsunds batting - Pitching for Tremont Doubledays : LHP Jim Unknown
Batting: RHB Jack Burton 0-0: Called Strike
0-1: Swinging Strike
0-2: Strikes out looking
Batting: RHB José Vázquez 0-0: Ball
1-0: Fly out, F9 (Flyball, 9LM)
Batting: RHB Francis Kelly 0-0: Called Strike
0-1: Called Strike
0-2: Ground out 5-3 (Groundball, 56S)
Bottom of the 4th over - 0 run(s), 0 hit(s), 0 error(s), 0 left on base; Tremont 0 - Ellenburg 2
TOP OF THE 5TH
Tremont Doubledays batting - Pitching for Ellenburg Fighting Dachsunds : RHP Severiano Duclos
Batting: RHB Jim Unknown 0-0: Ball
1-0: SINGLE (Groundball, 4D)
Batting: RHB Francisco García 0-0: Called Strike
0-1: Ball
1-1: Sac Bunt - play at first, batter OUT! 1-4
Jim Unknown to second
Batting: RHB Arturo Morales 0-0: Swinging Strike
0-1: Swinging Strike
0-2: Foul Ball, location: 2F
0-2: Ball
1-2: Foul Ball, location: 2F
1-2: Ball
2-2: Strikes out looking
Batting: RHB Andrés Gonzáles 0-0: Called Strike
0-1: Ball
1-1: Called Strike
1-2: Foul Ball, location: 2F
1-2: Ball
2-2: Fly out, F8 (Flyball, 8RXD)
Top of the 5th over - 0 run(s), 1 hit(s), 0 error(s), 1 left on base; Tremont 0 - Ellenburg 2
BOTTOM OF THE 5TH
Ellenburg Fighting Dachsunds batting - Pitching for Tremont Doubledays : LHP Jim Unknown
Batting: RHB William Walls 0-0: Ball
1-0: Fly out, F9 (Flyball, 9)
Batting: RHB Victor Haley 0-0: Called Strike
0-1: Swinging Strike
0-2: Ball
1-2: Ball
2-2: Ball
3-2: Base on Balls
Batting: LHB Aquiles Marmelo 0-0: Swinging Strike
0-1: Ball
1-1: Foul Ball, location: 2F
1-2: Ball
2-2: Foul Ball, location: 2F
2-2: Ball
3-2: Strikes out looking
Batting: RHB Juan Ramos 0-0: Foul Ball, location: 2F
0-1: Ball
Victor Haley steals 2nd base
1-1: Called Strike
1-2: Ball
2-2: DOUBLE (Line Drive, 78XD)
Victor Haley scores
Batting: RHB Ed Adams 0-0: Ball
1-0: Swinging Strike
1-1: Ball
2-1: Ball
3-1: Foul Ball, location: 2F
3-2: Ground out 5-3 (Groundball, 56)
Bottom of the 5th over - 1 run(s), 1 hit(s), 0 error(s), 1 left on base; Tremont 0 - Ellenburg 3
TOP OF THE 6TH
Tremont Doubledays batting - Pitching for Ellenburg Fighting Dachsunds : RHP Severiano Duclos
Batting: RHB Manuel Martínez 0-0: Foul Ball, location: 2F
0-1: Ball
1-1: Swinging Strike
1-2: Foul Ball, location: 2F
1-2: Fly out, F9 (Flyball, 9D)
Batting: RHB Jim Unknown 0-0: Ball
1-0: Called Strike
1-1: Swinging Strike
1-2: Ball
2-2: Ball
3-2: Base on Balls
Batting: RHB Menno van de Vlugt 0-0: Called Strike
0-1: Fly out, F9 (Flyball, 9LSF)
Batting: RHB Tim Robinson 0-0: Ball
1-0: Ball
2-0: Called Strike
2-1: Swinging Strike
2-2: SINGLE (Groundball, 4D)
Jim Unknown to second
Runner from 2nd tries for 3rd, SAFE, throw made to third
Batting: RHB Jim Unknown 0-0: Ground out 6-3 (Groundball, 6)
Top of the 6th over - 0 run(s), 1 hit(s), 0 error(s), 2 left on base; Tremont 0 - Ellenburg 3
BOTTOM OF THE 6TH
Ellenburg Fighting Dachsunds batting - Pitching for Tremont Doubledays : LHP Jim Unknown
Batting: RHB Ramiro Rico 0-0: Ball
1-0: Ball
2-0: Foul Ball, location: 2F
2-1: Foul Ball, location: 2F
2-2: Strikes out swinging
Batting: RHB Jack Burton 0-0: Ball
1-0: Swinging Strike
1-1: Ball
2-1: Foul Ball, location: 2F
2-2: Foul Ball, location: 2F
2-2: Ball
3-2: Base on Balls
Batting: RHB José Vázquez 0-0: Ball
1-0: Called Strike
1-1: Fly out, F1 (Popup, 13)
Batting: RHB Francis Kelly 0-0: Ball
1-0: Called Strike
1-1: Ball
2-1: Ball
3-1: Foul Ball, location: 2F
3-2: SINGLE (Line Drive, 7LM)
Jack Burton to second
Jack Burton to third
Batting: RHB William Walls 0-0: Ball
1-0: Called Strike
1-1: Foul Ball, location: 2F
1-2: Foul Ball, location: 2F
1-2: Ball
2-2: Fielders Choice at 2nd, 4-6 (Groundball, 4)
Bottom of the 6th over - 0 run(s), 1 hit(s), 0 error(s), 1 left on base; Tremont 0 - Ellenburg 3
TOP OF THE 7TH
Tremont Doubledays batting - Pitching for Ellenburg Fighting Dachsunds : RHP Severiano Duclos
Now at 1B: Ismael Cabrera
Batting: RHB Jim Unknown 0-0: Called Strike
0-1: Foul Ball, location: 2F
0-2: Ground out 6-3 (Groundball, 6)
Batting: RHB Francisco García 0-0: Ground out 4-3 (Groundball, 4)
Batting: RHB Arturo Morales 0-0: Ball
1-0: Foul Ball, location: 2F
1-1: Called Strike
1-2: Foul Ball, location: 2F
1-2: Strikes out swinging
Top of the 7th over - 0 run(s), 0 hit(s), 0 error(s), 0 left on base; Tremont 0 - Ellenburg 3
BOTTOM OF THE 7TH
Ellenburg Fighting Dachsunds batting - Pitching for Tremont Doubledays : LHP Jim Unknown
Batting: RHB Victor Haley 0-0: Foul Ball, location: 2F
0-1: Ball
1-1: Ball
2-1: SOLO HOME RUN (Flyball, 9D), Distance : 385 ft
Pitching: RHP Jim Unknown
Batting: LHB Aquiles Marmelo 0-0: Ball
1-0: Swinging Strike
1-1: Ball
2-1: Swinging Strike
2-2: Strikes out swinging
Batting: RHB Juan Ramos 0-0: Foul Ball, location: 2F
0-1: Swinging Strike
0-2: Foul Ball, location: 2F
0-2: Ball
1-2: Foul Ball, location: 2F
1-2: Ground out 6-3 (Groundball, 6)
Batting: RHB Ed Adams 0-0: Ball
1-0: Ball
2-0: Called Strike
2-1: Ground out 6-3 (Groundball, 6)
Bottom of the 7th over - 1 run(s), 1 hit(s), 0 error(s), 0 left on base; Tremont 0 - Ellenburg 4
TOP OF THE 8TH
Tremont Doubledays batting - Pitching for Ellenburg Fighting Dachsunds : RHP Severiano Duclos
Batting: RHB Andrés Gonzáles 0-0: Foul Ball, location: 2F
0-1: Ball
1-1: Foul Ball, location: 2F
1-2: Strikes out looking
Batting: RHB Manuel Martínez 0-0: Fly out, F4 (Line Drive, 4)
Batting: RHB Jim Unknown 0-0: Swinging Strike
0-1: Ball
1-1: SINGLE (Groundball, 4M) (infield hit)
Batting: RHB Menno van de Vlugt 0-0: Ball
1-0: Ball
2-0: Ball
3-0: Called Strike
3-1: SINGLE (Line Drive, 7S)
Jim Unknown to second
Pitching: LHP Jim Unknown
Batting: RHB Tim Robinson 0-0: Swinging Strike
0-1: Ball
1-1: Ball
2-1: Ball
3-1: Base on Balls
Jim Unknown to third
Menno van de Vlugt to second
Batting: RHB Jim Unknown 0-0: Foul Ball, location: 2F
0-1: Fly out, F7 (Flyball, 78S)
Top of the 8th over - 0 run(s), 2 hit(s), 0 error(s), 3 left on base; Tremont 0 - Ellenburg 4
BOTTOM OF THE 8TH
Ellenburg Fighting Dachsunds batting - Pitching for Tremont Doubledays : RHP Jim Unknown
Batting: RHB Ramiro Rico 0-0: Ball
1-0: Called Strike
1-1: Foul Ball, location: 2F
1-2: Ground out 6-3 (Groundball, 6)
Batting: RHB Jack Burton 0-0: Called Strike
0-1: Ball
1-1: Ball
2-1: Foul Ball, location: 2F
2-2: Foul Ball, location: 2F
2-2: Ball
3-2: Foul Ball, location: 2F
3-2: Fly out, F9 (Line Drive, 89M)
Batting: LHB Ismael Cabrera 0-0: Called Strike
0-1: Swinging Strike
0-2: SINGLE (Flyball, 8LS)
Batting: RHB Francis Kelly 0-0: Ball
Ismael Cabrera is caught stealing 2nd base
Bottom of the 8th over - 0 run(s), 1 hit(s), 0 error(s), 0 left on base; Tremont 0 - Ellenburg 4
TOP OF THE 9TH
Tremont Doubledays batting - Pitching for Ellenburg Fighting Dachsunds : LHP Jim Unknown
Batting: RHB Jim Unknown 0-0: Swinging Strike
0-1: Foul Ball, location: 2F
0-2: Foul Ball, location: 2F
0-2: Ball
1-2: Foul Ball, location: 2F
1-2: Ball
2-2: Ball
3-2: Strikes out looking and he ARGUES THE CALL AND IS TOSSED!
Batting: RHB Francisco García 0-0: Foul Ball, location: 2F
0-1: Ball
1-1: Ball
2-1: Ball
3-1: Called Strike
3-2: SINGLE (Groundball, 34D)
Batting: RHB Arturo Morales 0-0: Foul Ball, location: 2F
0-1: Ball
1-1: Ball
2-1: SINGLE (Line Drive, 6D)
Francisco García to second
Batting: RHB Andrés Gonzáles 0-0: Ball
1-0: Ball
2-0: Foul Ball, location: 2F
2-1: Ball
3-1: Base on Balls
Francisco García to third
Arturo Morales to second
Batting: RHB Manuel Martínez 0-0: SINGLE (Flyball, 8RS)
Francisco García scores
Arturo Morales to third
Andrés Gonzáles to second
Runner from 3rd tries for Home, SAFE, throw made home
Andrés Gonzáles to third
Manuel Martínez to second
Pitching: RHP Bill Schneider
Batting: RHB Jim Unknown 0-0: Ground out 4-3 (Groundball, 4)
Batting: RHB Menno van de Vlugt 0-0: Called Strike
0-1: Ball
1-1: Ground out 4-3 (Groundball, 4MS)
Top of the 9th over - 2 run(s), 3 hit(s), 0 error(s), 2 left on base; Tremont 2 - Ellenburg 4
Friday, December 30th, 2016 - OOTP Baseball 17.12 Build 75